 Dungeon Crawl Stone Soup version 0.27-a0-1149-g4505690ab0 (webtiles) character file.

Game seed: 227015830793672023

202881 shoop the Earth Mage (level 17, -2/122 (154) HPs)
             Began as a Demigod Earth Elementalist on May 12, 2021.
             Slain by a shadow dragon (12 damage)
             ... on level 1 of the Depths on May 14, 2021.
             The game lasted 03:24:42 (51901 turns).

shoop the Earth Mage (Demigod Earth Elementalist)  Turns: 51901, Time: 03:24:44

HP:   -2/122 (154)  AC: 23    Str: 13    XL:     17   Next: 71%
MP:   2/48          EV: 15    Int: 33    God:
Gold: 4089          SH:  0    Dex: 14    Spells: 13/42 levels left

rFire    . . .     SeeInvis .   a - staff of earth
rCold    . . .     Faith    .   (no shield)
rNeg     . . .     Spirit   .   N - quicksilver dragon scales
rPois    +         Reflect  .   (no helmet)
rElec    .         Harm     .   P - +0 cloak {rPois}
rCorr    .         Rampage  ∞   D - +2 pair of gloves
Will     ++...                  d - +3 pair of seven-league boots {Rampage+∞}
Stlth    ++........             v - amulet of regeneration
HPRegen  1.30/turn              c - +4 ring of protection
MPRegen  0.31/turn              i - ring of magical power

@: very slightly contaminated, slowed, studying 3 skills, heavily drained, very
slow
A: high mp 1, forlorn
a: no special abilities


You were on level 1 of the Depths.
You visited 5 branches of the dungeon, and saw 28 of its levels.
You also visited: Bailey.

You collected 5073 gold pieces.
You spent 984 gold pieces at shops.

Inventory:

Hand Weapons
 b - a +9 lajatang of speed
Missiles
 g - 392 stones
Armour
 d - the +3 pair of seven-league boots (worn) {Rampage+∞}
   (You acquired it on level 2 of the Orcish Mines)
 D - a +2 pair of gloves (worn)
 N - quicksilver dragon scales (worn)
 P - a +0 cloak of poison resistance (worn)
Magical Staves
 a - a staff of earth (weapon)
Jewellery
 c - a +4 ring of protection (left hand)
 i - a ring of magical power (right hand)
 q - a ring of protection from fire
 u - a ring of resist corrosion
 v - an amulet of regeneration (around neck)
 z - a ring of flight
 Q - the ring "Ihaazynumi" {Wiz Str+3}
   (You took it off a deep elf archer on level 1 of the Elven Halls)

   [ring of wizardry]

   It improves your spell success rate.
   It affects your strength (+3).
 V - a ring of see invisible
Wands
 j - a wand of mindburst (23)
 p - a wand of digging (7)
 E - a wand of iceblast (24)
 F - a wand of polymorph (45)
 U - a wand of charming (18)
 W - a wand of paralysis (17)
 X - a wand of acid (26)
Scrolls
 e - 6 scrolls of enchant armour
 l - 3 scrolls of blinking
 t - 3 scrolls of immolation
 w - 3 scrolls of torment
 x - 2 scrolls of summoning
 y - 3 scrolls of vulnerability
 B - 9 scrolls of teleportation
 G - a scroll of fog
 I - a scroll of fear
 J - 3 scrolls of magic mapping
 R - a scroll of holy word
 Z - a scroll of silence
Potions
 f - 6 potions of lignification
 h - 5 potions of mutation
 k - a potion of invisibility
 m - 3 potions of brilliance
 n - 8 potions of haste
 o - 3 potions of might
 r - 5 potions of flight
 s - 4 potions of cancellation
 A - 18 potions of curing
 C - 6 potions of berserk rage
 L - a potion of resistance
 S - 3 potions of heal wounds
 Y - a potion of ambrosia
Miscellaneous
 H - a tin of tremorstones (2/2)
 K - a lightning rod (4/4)
 M - a box of beasts (inert)
 O - a phantom mirror
 T - a phial of floods


   Skills:
 + Level 14.3 Fighting
 - Level 5.3 Staves
 + Level 4.5 Armour
 + Level 11.7 Dodging
 - Level 3.0 Stealth
 - Level 13.0 Spellcasting
 - Level 8.0 Conjurations
 - Level 2.0 Translocations
 - Level 5.0 Transmutations
 - Level 18.0 Earth Magic
 - Level 5.0 Evocations


You had 13 spell levels left.
You knew the following spells:

 Your Spells              Type           Power      Damage    Failure   Level
a - Sandblast             Erth           100%       2d20      0%          1
b - Blink                 Tloc           N/A        N/A       2%          2
c - Petrify               Tmut/Erth      98%        N/A       1%          4
d - Lee's Rapid Deconstr  Erth           59%        3d28*     1%          5
e - Shatter               Erth           59%        3d44*     95%         9
p - Passwall              Tmut/Erth      81%        N/A       1%          2
z - Iron Shot             Conj/Erth      51%        9d10      3%          6

Your spell library contained the following spells:

 Spells                   Type           Power      Damage    Failure   Level
 Apportation              Tloc           68%        N/A       1%          1
 Magic Dart               Conj           100%       1d8       1%          1
 Sting                    Tmut/Pois      100%       1d8       1%          1
 Searing Ray              Conj           100%       3d7       1%          2
 Static Discharge         Conj/Air       47%        N/A       1%          2
 Stone Arrow              Conj/Erth      100%       3d13      1%          3
 Conjure Flame            Conj/Fire      47%        6-21      2%          3
 Dazzling Flash           Conj/Hex       94%        N/A       2%          3
 Bolt of Magma            Conj/Fire/Erth 43%        4d18      3%          5
 Animate Skeleton         Necr           42%        N/A       4%          1
 Corona                   Hex            23%        N/A       4%          1
 Pain                     Necr           84%        1d8       4%          1
 Summon Small Mammal      Summ           84%        N/A       4%          1
 Mephitic Cloud           Conj/Pois/Air  39%        N/A       4%          3
 Iskenderun's Battlesphe  Conj           65%        2d11      4%          5
 Lesser Beckoning         Tloc           17%        N/A       5%          3
 Iskenderun's Mystic Bla  Conj/Tloc      53%        2d11      5%          4
 Statue Form              Tmut/Erth      65%        N/A       5%          6
 Call Imp                 Summ           21%        N/A       6%          2
 Corpse Rot               Necr/Air       N/A        N/A       6%          2
 Poisonous Vapours        Pois/Air       42%        N/A       6%          2
 Slow                     Hex            21%        N/A       6%          2
 Sublimation of Blood     Necr           10%        N/A       6%          2
 Ignite Poison            Fire/Tmut/Pois 32%        N/A       6%          3
 Fulminant Prism          Conj/Hex       23%        3d13      8%          4
 Hailstorm                Conj/Ice       47%        3d11      8%          4
 Irradiate                Conj/Tmut      29%        3d23      8%          5
 Tukima's Dance           Hex            21%        N/A       12%         3
 Vampiric Draining        Necr           10%        2d7       12%         3
 Fireball                 Conj/Fire      23%        3d11      22%         5
 Lightning Bolt           Conj/Air       23%        1d39      22%         5
 Animate Dead             Necr           10%        N/A       38%         4
 Dispel Undead            Necr           21%        3d11      38%         4
 Olgreb's Toxic Radiance  Pois           21%        N/A       38%         4
 Alistair's Intoxication  Tmut/Pois      24%        N/A       38%         5
 Manifold Assault         Tloc           34%        N/A       45%         5
 Blade Hands              Tmut           26%        N/A       63%         6
 Agony                    Necr           21%        N/A       75%         5
 Excruciating Wounds      Necr           10%        N/A       75%         5
 Orb of Destruction       Conj           32%        9d12      78%         7
 Eringya's Noxious Bog    Tmut/Pois      18%        N/A       92%         6
 Invisibility             Hex            21%        N/A       99%         6
 Dragon Form              Tmut           26%        N/A       99%         7
 Spellforged Servitor     Conj/Summ      23%        N/A       100%        7
 Ignition                 Fire           10%        3d5       100%        8
 Tornado                  Air            10%        N/A       100%        9


Dungeon Overview and Level Annotations

Branches:
Dungeon (15/15)            Temple (0/1) D:4            Lair (6/6) D:11
  Swamp (0/4) Lair:2        Snake (0/4) Lair:3        Slime (0/5) Lair:6
    Orc (2/2) D:12            Elf (3/3) Orc:2        Vaults (0/5) D:14
 Depths (2/5) D:15         Bailey (visited)

Shops:
D:6 :   D:10 (   Orc:2 (*:?[(

Portals:
Hell: Depths:1 Depths:2
Abyss: Depths:1
Pandemonium: Depths:1

Annotations:
D:3 2 transporters, robertstho's ghost, amateur DjCj
D:8 3 runed translucent doors, karkarkar's ghost, novice DECj; reriks's ghost, novice TeAE; robertstho's ghost, novice DjCj
D:9 Getoffmy's ghost, novice MiFi
D:10 2 transporters, Nergalle; tinescath's ghost, novice DrTm
D:11 Fannar
Elf:1 6 runed translucent doors
Elf:2 3 runed translucent doors


Innate Abilities, Weirdness & Mutations

Your attributes grow dramatically as you level up.
You have an increased reservoir of magic. (+10% MP)
You shall have no god before yourself.


Message History

The shadow dragon claws you but does no damage. x2
The shadow dragon bites you but does no damage.
The shadow dragon claws you! The shadow dragon claws you.
Aiming: Corrosive Bolt
Press: ? - help, Shift-Dir - straight line, f/p - shadow dragon
Aim: a shadow dragon (heavily wounded, catching its breath, 74% to hit)
The bolt of acid hits the shadow dragon!
The shadow dragon is splashed with acid.
The acid corrodes the shadow dragon!
The shadow dragon is severely wounded.
The shadow dragon breathes negative energy at you.
The bolt of negative energy hits you!!
You feel drained.
* * * LOW HITPOINT WARNING * * *
Unknown command.
Casting: Iron Shot (dangerous; 3% risk of failure)
Confirm with . or Enter, or press ? or * to list all spells.
Aiming: Iron Shot (dangerous; 3% risk of failure)
Press: ? - help, Shift-Dir - straight line, f/p - shadow dragon
Aim: a shadow dragon (severely wounded, catching its breath, covered in acid, 78% to hit)
You feel a surge of power!
You miscast Iron Shot.
You are very lightly contaminated with residual magic.
Nothing appears to happen.
The shadow dragon bites you but does no damage.
The shadow dragon closely misses you. The shadow dragon claws you.
* * * LOW HITPOINT WARNING * * *
The shadow dragon bites you!
* * * LOW HITPOINT WARNING * * *
You feel drained.
* * * LOW HITPOINT WARNING * * *
The shadow dragon misses you.
The shadow dragon claws you but does no damage.
Casting: Iron Shot (dangerous; 3% risk of failure)
Confirm with . or Enter, or press ? or * to list all spells.
Aiming: Iron Shot (dangerous; 3% risk of failure)
Press: ? - help, Shift-Dir - straight line, f/p - shadow dragon
Aim: a shadow dragon (severely wounded, catching its breath, covered in acid, 78% to hit)
You feel a surge of power!
The iron shot hits the shadow dragon!!!
The shadow dragon is almost dead.
The shadow dragon bites you!
You die...

#.#........#...#####.#
#.#....∩...#...#...#.#
#.#........#...+.⌠.'D##
#.#.########...#...#C.#
#####.#............#####..#######
......#..........................
......##########.................
......................../........
............>...@D...............
...........................C.....
...................>[............
.................................
......................∩........>#
...............................##
#############(....#######.######.
#.....# #.## ##.. #.....#
#..###..#


You could see a shadow dragon (catching breath, corroded).

Vanquished Creatures
  Mara (Depths:1)
  A juggernaut (Depths:2)
  2 deep elf blademasters (Elf:3)
  2 deep elf master archers (Elf:3)
  Agnes (D:15)
  Donald (Orc:1)
  2 fire giants (Depths:2)
  6 deep elf sorcerers
  3 orc warlords
  A frost giant (Depths:1)
  3 spectral caustic shrikes (Depths:2)
  3 deep elf elementalists (Elf:3)
  5 very ugly things
  4 stone giants
  3 deep elf demonologists
  5 deep elf annihilators (Elf:3)
  6 deep elf death magi (Elf:3)
  Snorg (D:11)
  3 ettins
  A green death (Depths:1)
  Josephine (Lair:5)
  4 deep elf high priests
  A fire dragon (Depths:1)
  An ice dragon (Depths:2)
  A great orb of eyes (Depths:1)
  4 hydras
  2 catoblepae
  3 boulder beetles
  6 centaur warriors
  19 two-headed ogres
  8 dancing weapons
  2 deep troll shamans (Depths:1)
  Erica (D:11)
  3 ogre magi
  A death knight (D:15)
  2 tengu warriors
  Urug (Orc:1)
  6 deep troll earth magi
  16 deep elf knights
  Sonja (Lair:1)
  8 iron trolls
  A flayed ghost (Depths:1)
  8 deep trolls
  16 deep elf archers
  2 wizards
  19 deep elf zephyrmancers
  25 deep elf pyromancers
  A necromancer (D:15)
  6 orc knights
  A will-o-the-wisp (Lair:2)
  10 ugly things
  6 oklob plants
  An orc sorcerer (D:15)
  8 cyclopes
  21 elephants
  2 manticores
  3 black mambas
  A torpor snail (Lair:5)
  A naga mage (D:15)
  2 cane toads (shapeshifter)
  An orange demon (Depths:1)
  11 cane toads
  A centaur skeleton (D:15)
  3 rime drakes
  An unseen horror (D:12)
  An ice devil (Depths:1)
  An efreet (D:14)
  A hellwing (Depths:1)
  A komodo dragon (shapeshifter) (D:13)
  5 yaktaurs (D:15)
  2 tengu conjurers
  9 komodo dragons
  A queen bee (D:10)
  14 trolls
  Grinder (D:3)
  2 polar bears (Lair:6)
  A hornet (shapeshifter) (D:15)
  4 hornets (Lair:6)
  Prince Ribbit (Lair:3)
  14 blink frogs
  A harpy skeleton (D:15)
  15 slime creatures
  5 dream sheep
  A centaur simulacrum (D:14)
  14 water elementals
  4 wraiths
  12 spriggans (Lair:6)
  3 wyverns
  3 shadows
  4 vampires
  3 air elementals
  7 fire elementals
  5 basilisks
  Grum (D:11)
  A chaos spawn (Depths:1)
  7 yaks
  2 steam dragons
  7 wargs
  Menkaure (D:4)
  An acid dragon (D:11)
  A naga (Lair:3)
  15 water moccasins
  Duvessa (D:4)
  An ice beast (D:5)
  A black bear (shapeshifter) (Elf:1)
  4 black bears
  A necrophage (D:7)
  28 orc warriors
  4 boggarts (Lair:6)
  31 wolves
  12 centaurs
  29 ogres
  2 kobold brigands
  Blork the orc (D:6)
  10 bullfrogs
  2 scorpions
  5 earth elementals
  Dowan (D:4)
  A wyvern skeleton (D:5)
  21 killer bees (D:10)
  9 wights (D:8)
  5 howler monkeys
  2 electric eels (Lair:6)
  2 centaur zombies
  2 hounds
  A gnoll shaman (D:9)
  13 orc priests
  Jessica (D:2)
  17 orc wizards
  3 killer bee zombies
  A howler monkey skeleton (D:6)
  8 adders
  9 gnolls
  2 shadow imps (D:6)
  A white imp (D:7)
  5 ufetubi
  A worm (D:4)
  2 dart slugs
  69 orcs
  14 ball pythons
  2 endoplasms (D:1)
  2 giant cockroaches
  6 hobgoblins
  6 quokkas
  4 bats
  2 frilled lizards
  11 goblins
  7 kobolds
  4 rats
833 creatures vanquished.

Vanquished Creatures (others)
  An orc priest (Elf:1)
  An orc (Orc:1)
  31 fungi
  90 plants
123 creatures vanquished.

Grand Total: 956 creatures vanquished

Notes
Turn   | Place    | Note
-------+----------+-------------------------------------------
     0 | D:1      | shoop the Demigod Earth Elementalist began the quest for
                  | the Orb.
     0 | D:1      | Reached XP level 1. HP: 14/14 MP: 5/5
   210 | D:1      | Reached skill level 3 in Earth Magic
   575 | D:1      | Reached XP level 2. HP: 18/20 MP: 4/7
  1093 | D:1      | Learned a level 2 spell: Blink
  2436 | D:3      | Reached XP level 3. HP: 18/26 MP: 6/8
  2544 | D:3      | Noticed a water moccasin
  2559 | D:2      | Learned a level 2 spell: Passwall
  2633 | D:2      | Reached skill level 1 in Transmutations
  2731 | D:2      | Reached skill level 4 in Earth Magic
  2868 | D:2      | Noticed Jessica
  2869 | D:2      | Killed Jessica
  2870 | D:2      | Reached XP level 4. HP: 34/34 MP: 7/9
  3010 | D:2      | Reached skill level 1 in Staves
  3010 | D:2      | Reached skill level 1 in Evocations
  3267 | D:3      | Found a transporter.
  3269 | D:3      | Found a transporter.
  3269 | D:3      | Noticed robertstho's ghost (amateur DjCj)
  3426 | D:3      | Killed a water moccasin
  3427 | D:3      | Reached skill level 1 in Fighting
  3427 | D:3      | Reached XP level 5. HP: 35/40 MP: 10/10
  3493 | D:3      | Noticed Grinder
  3496 | D:3      | Killed Grinder
  3497 | D:3      | Reached skill level 5 in Earth Magic
  3497 | D:3      | Reached XP level 6. HP: 48/48 MP: 9/11
  3502 | D:3      | Learned a level 4 spell: Petrify
  3626 | D:3      | Noticed a wyvern
  4594 | D:4      | Noticed Menkaure
  4604 | D:4      | Killed Menkaure
  4941 | D:4      | Noticed Duvessa
  4941 | D:4      | Noticed Dowan
  4964 | D:4      | Killed Dowan
  4965 | D:4      | Reached XP level 7. HP: 37/55 MP: 10/13
  4975 | D:5      | Entered Level 5 of the Dungeon
  5172 | D:5      | Reached skill level 1 in Translocations
  5274 | D:5      | Reached skill level 6 in Earth Magic
  5642 | D:4      | Found a staircase to the Ecumenical Temple.
  6240 | D:3      | Killed a wyvern
  6337 | D:4      | Killed Duvessa
  6338 | D:4      | Reached XP level 8. HP: 52/61 MP: 10/16
  6965 | D:6      | Reached skill level 7 in Earth Magic
  7032 | D:6      | Found Vatal's Book Boutique.
  7049 | D:6      | Noticed Blork the orc
  7052 | D:6      | Killed Blork the orc
  7771 | D:7      | Learned a level 5 spell: Lee's Rapid Deconstruction
  7905 | D:7      | Reached skill level 8 in Earth Magic
  8960 | D:8      | Reached XP level 9. HP: 67/67 MP: 14/19
  9168 | D:8      | Reached skill level 5 in Spellcasting
  9168 | D:8      | Reached skill level 9 in Earth Magic
  9561 | D:8      | Found a runed translucent gate.
  9562 | D:8      | Found a runed translucent gate.
  9562 | D:8      | Found a runed translucent gate.
  9564 | D:8      | Noticed karkarkar's ghost (novice DECj)
  9565 | D:8      | Noticed robertstho's ghost (novice DjCj)
  9565 | D:8      | Noticed reriks's ghost (novice TeAE)
  9994 | D:9      | Found a flagged portal.
 10368 | Bailey   | Entered a bailey
 10457 | Bailey   | Noticed an orc knight
 10647 | Bailey   | Noticed an orc knight
 10837 | Bailey   | Killed an orc knight
 10976 | Bailey   | Killed an orc knight
 10977 | Bailey   | Reached skill level 10 in Earth Magic
 11329 | D:9      | Identified the +2 chain mail of the Black Moon {rElec
                  | Dex+2}
 11725 | D:9      | Noticed a two-headed ogre
 11739 | D:9      | Killed a two-headed ogre
 11740 | D:9      | Reached skill level 1 in Armour
 11740 | D:9      | Reached skill level 5 in Transmutations
 11740 | D:9      | Reached XP level 10. HP: 77/77 MP: 1/22
 11918 | D:9      | Found a runed translucent gate.
 11918 | D:9      | Found a runed translucent gate.
 11924 | D:9      | Found a runed translucent gate.
 11927 | D:9      | Noticed a two-headed ogre
 11933 | D:9      | Noticed Getoffmy's ghost (novice MiFi)
 11939 | D:9      | Killed a two-headed ogre
 12588 | D:10     | Entered Level 10 of the Dungeon
 12749 | D:10     | Found a transporter.
 13064 | D:10     | Noticed a two-headed ogre
 13072 | D:10     | Killed a two-headed ogre
 13273 | D:10     | Found a transporter.
 13273 | D:10     | Noticed tinescath's ghost (novice DrTm)
 13273 | D:10     | Noticed a centaur warrior
 13303 | D:10     | Noticed Nergalle
 13307 | D:10     | Noticed a two-headed ogre
 13585 | D:11     | Noticed Fannar
 13668 | D:11     | Noticed a manticore
 13679 | D:11     | Killed a manticore
 13764 | D:11     | Noticed a two-headed ogre
 13794 | D:11     | Killed a two-headed ogre
 13910 | D:11     | Noticed a six-headed hydra
 14108 | D:11     | Killed a six-headed hydra
 14295 | D:11     | Reached XP level 11. HP: 84/84 MP: 21/25
 14316 | D:11     | Noticed Grum
 14324 | D:11     | Killed Grum
 14653 | D:11     | Noticed Snorg
 14951 | D:12     | Found a staircase to the Orcish Mines.
 15134 | Orc:1    | Entered Level 1 of the Orcish Mines
 15157 | Orc:1    | Noticed Urug
 15830 | D:11     | Noticed Erica
 16130 | D:10     | Found Deyv's Weapon Shoppe.
 17009 | D:10     | Killed a two-headed ogre
 17010 | D:10     | Reached skill level 5 in Fighting
 17010 | D:10     | Reached skill level 5 in Staves
 17010 | D:10     | Reached skill level 5 in Evocations
 17637 | D:11     | Killed Snorg
 17808 | D:11     | Found a staircase to the Lair.
 17834 | D:11     | Killed Erica
 17835 | D:11     | Reached skill level 11 in Earth Magic
 18074 | Lair:1   | Entered Level 1 of the Lair of Beasts
 18300 | Lair:1   | Noticed a seven-headed hydra
 18314 | Lair:1   | Noticed Sonja
 18317 | Lair:1   | Killed a seven-headed hydra
 18748 | Lair:1   | Killed Sonja
 19683 | Lair:2   | Noticed a death yak
 19819 | Lair:2   | Reached XP level 12. HP: 96/96 MP: 26/28
 20142 | Lair:2   | Reached skill level 12 in Earth Magic
 20996 | Lair:2   | Found a staircase to the Swamp.
 21982 | Lair:2   | Learned a level 6 spell: Iron Shot
 22164 | Lair:3   | Reached skill level 1 in Conjurations
 22713 | Lair:3   | Found a staircase to the Snake Pit.
 22842 | Lair:3   | Noticed Prince Ribbit
 23075 | Lair:3   | Killed Prince Ribbit
 23318 | Lair:3   | Noticed a boulder beetle
 23340 | Lair:3   | Killed a boulder beetle
 23341 | Lair:3   | Reached skill level 13 in Earth Magic
 24448 | Lair:4   | Reached skill level 5 in Conjurations
 24743 | Lair:4   | Reached XP level 13. HP: 105/105 MP: 30/30
 24961 | Lair:5   | Noticed Josephine
 25413 | Lair:5   | Killed Josephine
 25661 | Lair:5   | Identified a scroll of acquirement
 25838 | Lair:5   | Acquired a +4 lajatang of speed
 25979 | Lair:6   | Entered Level 6 of the Lair of Beasts
 26869 | Lair:6   | Found a staircase to the Slime Pits.
 29318 | Lair:6   | Identified Osarhy's Incunabulum of Unstable Confrontation
 29353 | Lair:6   | Reached skill level 14 in Earth Magic
 29458 | Lair:6   | Reached skill level 10 in Spellcasting
 29927 | Orc:1    | Killed Urug
 30349 | Orc:1    | Noticed an orc warlord
 30823 | D:12     | Killed an orc warlord
 31090 | Orc:2    | Entered Level 2 of the Orcish Mines
 31184 | Orc:1    | Reached XP level 14. HP: 108/113 MP: 18/32
 31425 | Orc:2    | Noticed Donald
 31425 | Orc:2    | Noticed an orc warlord
 32376 | Orc:2    | Noticed an orc warlord
 32464 | Orc:1    | Killed Donald
 33435 | Orc:1    | Killed an orc warlord
 33843 | Orc:2    | Killed an orc warlord
 33998 | Orc:2    | Found Mouvaoly's Antique Weapon Boutique.
 34004 | Orc:2    | Found Qamaal's Armour Boutique.
 34093 | Orc:2    | Reached skill level 15 in Earth Magic
 34291 | Orc:2    | Found a staircase to the Elven Halls.
 34319 | Orc:2    | Found Xiqi's Magic Scroll Shoppe.
 34321 | Orc:2    | Found Egociriu's Assorted Antiques.
 35064 | Orc:2    | Found Sofiog's Weapon Shop.
 35065 | Orc:2    | Found Faarghyki's Book Boutique.
 35832 | Orc:2    | Bought a scroll of teleportation for 48 gold pieces
 35832 | Orc:2    | Bought a scroll of teleportation for 48 gold pieces
 35835 | Orc:2    | Bought a scroll of immolation for 56 gold pieces
 35835 | Orc:2    | Bought a scroll of acquirement for 832 gold pieces
 36690 | D:13     | Reached skill level 5 in Dodging
 37770 | D:14     | Reached skill level 10 in Fighting
 37794 | D:14     | Acquired 765 gold pieces
 37909 | Orc:2    | Acquired the +3 pair of seven-league boots {Rampage+∞}
 37910 | Orc:2    | Found the +3 pair of seven-league boots {Rampage+∞}
 38148 | D:14     | Found a gate to the Vaults.
 38154 | D:14     | Reached XP level 15. HP: 111/126 MP: 12/35
 39012 | D:15     | Entered Level 15 of the Dungeon
 39672 | D:15     | Found a staircase to the Depths.
 40552 | Elf:1    | Entered Level 1 of the Elven Halls
 41839 | Elf:1    | Identified the ring "Ihaazynumi" {Wiz Str+3}
 42012 | Elf:1    | Found a runed translucent gate.
 42012 | Elf:1    | Found a runed translucent gate.
 42012 | Elf:1    | Found a runed translucent gate.
 42012 | Elf:1    | Found a runed translucent gate.
 42012 | Elf:1    | Found a runed translucent gate.
 42013 | Elf:1    | Noticed a shadow dragon
 42013 | Elf:1    | Noticed a storm dragon
 42015 | Elf:1    | Found a runed translucent gate.
 43986 | Elf:2    | Reached skill level 16 in Earth Magic
 43986 | Elf:2    | Reached XP level 16. HP: 126/139 MP: 29/36
 44519 | Elf:2    | Found a runed translucent gate.
 44519 | Elf:2    | Found a runed translucent gate.
 44520 | Elf:2    | Found a runed translucent gate.
 44572 | Elf:3    | Entered Level 3 of the Elven Halls
 46131 | Elf:3    | Killed a deep elf blademaster
 46134 | Elf:3    | Noticed a deep elf blademaster
 46348 | Elf:3    | Reached skill level 17 in Earth Magic
 46452 | Elf:3    | Noticed a deep elf master archer
 46454 | Elf:3    | Killed a deep elf master archer
 46549 | Elf:3    | Noticed a deep elf master archer
 46552 | Elf:3    | Killed a deep elf master archer
 46777 | Elf:3    | Killed a deep elf blademaster
 46876 | Elf:3    | Identified the +9 dagger "Zuabongu" {vorpal, rPois rC- rN+
                  | Int+2}
 47661 | Elf:3    | Identified the +6 spear "Curaramn" {vorpal, rElec rF+}
 47675 | Elf:3    | Learned a level 9 spell: Shatter
 47972 | Depths:1 | Entered Level 1 of the Depths
 47972 | Depths:1 | Found a gateway to Hell.
 47990 | Depths:1 | Noticed Mara
 47999 | D:15     | Noticed Agnes
 48194 | D:15     | Killed Agnes
 48296 | Depths:1 | Reached XP level 17. HP: 146/146 MP: 29/39
 48387 | Depths:1 | Killed Mara
 48647 | Depths:1 | Reached skill level 18 in Earth Magic
 48722 | Depths:1 | Found a one-way gate to the infinite horrors of the Abyss.
 49295 | Depths:1 | Reached skill level 10 in Dodging
 49912 | Depths:1 | Found a one-way gate leading to the halls of Pandemonium.
 51333 | Depths:2 | Identified the +1 ring mail of Vampiric Thralls {rF+ rCorr
                  | Dex+3}
 51840 | Depths:2 | Noticed a juggernaut
 51846 | Depths:2 | Killed a juggernaut
 51901 | Depths:1 | Slain by a shadow dragon

Illustrated notes

Levels and vault maps discovered:
D:1:      amcnicky_arrival_blooded_trapdoor, layout_basic, serial_forest,
          infiniplex_forest_zigzag_1, infiniplex_forest_lined_corner,
          infiniplex_forest_straight_2, infiniplex_forest_lined_ring,
          infiniplex_forest_lined_2, infiniplex_forest_clump_tiny,
          infiniplex_forest_straight_5, infiniplex_forest_lined_3,
          minmay_door_square, minmay_statues_item, minmay_shallow_snake_nest
D:2:      layout_basic, ebering_ecumenical_altar_hall, uniq_jessica
D:3:      layout_loops_ring, marbit_many_paths, lemuel_crystal_altar,
          gammafunk_temple_overflow_forgotten, gammafunk_ghost_arena,
          uniq_grinder
D:4:      layout_loops_corners, general_overflow_altar,
          minmay_temple_entry_enclosed_plants, uniq_menkaure, uniq_duvessa
D:5:      layout_loops_ring, wad_rectangle_vault
D:6:      layout_rooms, serial_shops, shop, dk_vineyard_3,
          amcnicky_mini_pool_small, kennysheep_doodads, corexii_corridor_pit,
          uniq_blork_the_orc
D:7:      layout_loops_ring, nicolae_hepliaklqana_hazy_memory,
          kennysheep_slug_shrine, lemuel_doored_altar, minivault_10
D:8:      layout_basic, gammafunk_ghost_cemetery, serial_aquarium,
          aquarium_bridge_square [aquarium_subvault_wall,
          aquarium_subvault_window, aquarium_subvault_bridge,
          aquarium_subvault_bridge], aquarium_window_1, aquarium_window_fake,
          aquarium_view_2c, aquarium_view_2f, aquarium_pool_split
D:9:      layout_roguey, nicolae_overflow_crystal_walls,
          trog_three_pillars_becter, lemuel_round_altar,
          ebering_ghost_rock_garden, serial_co_window_serial,
          co_window_corner_a, co_window_of_opportunity_a, co_window_paths_b,
          co_window_paths_a, co_window_corner_a, co_window_of_opportunity_c,
          co_window_of_opportunity_b, co_window_unsneaky_path_c,
          co_window_corner_b, co_window_2corner, co_window_paths_d,
          glass_columns_c, glass_columns_b, glass_columns_a, enter_bailey_3
D:10:     layout_roguey, serial_shops, shop, gammafunk_ghost_arena, minivault_7,
          uniq_nergalle
D:11:     layout_irregular_city, dpeg_oklobed_lair, zin_statuary, uniq_fannar,
          uniq_grum, uniq_erica, uniq_snorg
D:12:     layout_roguey, orc_0_dummy, tso_oasis_becter
D:13:     layout_rooms
D:14:     layout_roguey, david_vaults_1, hangedman_abyss_or_decor_slice
D:15:     grunt_enter_depths_magical_seal, layout_loops_cross,
          nicolae_two_hexagons, hangedman_decor_clover_reticule, uniq_agnes
Lair:1:   layout_cave_pods, uniq_sonja
Lair:2:   layout_regular_city, minmay_swamp_entry_wisps, serial_bayou_pond_b,
          lemuel_fruit_tree, minmay_lair_oklob_chamber, grunt_megastairs_1
Lair:3:   layout_layer_cave, guppyfry_snake_entry_garden,
          chequers_serial_rivers_small_a, serial_bayou_shore_a,
          infiniplex_staircase_pool_2, uniq_prince_ribbit2
Lair:4:   layout_cave_shapes
Lair:5:   layout_cave_shapes, uniq_josephine
Lair:6:   minmay_lair_end_enchanted_forest, layout_gridlike, slime_altar_1,
          lookout_lair_type, minivault_19
Orc:1:    layout_caves, nicolae_orc_rockfall, uniq_urug
Orc:2:    st_orc_open, layout_caves, serial_shops, nicolae_shop_behind_doors,
          nicolae_shop_waterfront, uniq_donald
Elf:1:    layout_gridlike, basic_altar, orc_legates, fountainhead
Elf:2:    layout_geoelf_octagon, uniq_jorgrun
Elf:3:    elf_hall, layout_onion_city, basic_altar
Depths:1: layout_cross, hell_entry, minmay_misc_feat_room, abyss_entry,
          rand_demon_pan_entry_1, kennysheep_cluttered_room,
          serial_bayou_lagoon_b, uniq_mara
Depths:2: hangedman_box_tower, layout_basic, pf_hell_entry_tar_river,
          gammafunk_ghost_abyssal_escape, amcnicky_mini_corridor_feature,
          grunt_ministairs_7

Skill      XL: |  1  2  3  4  5  6  7  8  9 10 11 12 13 14 15 16 17 |
---------------+----------------------------------------------------+-----
Earth Magic    | 3 4 5 6 8 10 11 13 14 15 16 17 18 | 18.0
Transmutations | 1 2 3 4 5 |  5.0
Dodging        | 2 4 6 8 11 | 11.7
Stealth        | 2 3 |  3.0
Spellcasting   | 2 3 4 6 8 9 10 11 12 13 | 13.0
Staves         | 1 2 3 4 5 |  5.3
Evocations     | 1 2 4 5 |  5.0
Fighting       | 1 2 3 4 6 7 10 12 14 | 14.3
Translocations | 2 |  2.0
Armour         | 1 2 4 |  4.5
Conjurations   | 5 8 |  8.0

Action                   |  1- 3 |  4- 6 |  7- 9 | 10-12 | 13-15 | 16-18 || total
-------------------------+-------+-------+-------+-------+-------+-------++-------
Melee: Club              |    34 |       |       |       |       |       ||    34
       Staff             |    49 |    79 |   187 |   381 |   117 |    13 ||   826
       Scimitar          |       |       |       |    32 |    16 |       ||    48
       Lajatang          |       |       |       |       |   496 |    15 ||   511
 Fire: Hunting sling     |    16 |     1 |       |       |       |       ||    17
 Cast: Sandblast         |    27 |    12 |   119 |   166 |    93 |     8 ||   425
       Petrify           |       |       |     9 |   116 |   216 |    15 ||   356
       Blink             |       |       |     1 |     3 |    39 |     6 ||    49
       Lee's Rapid Decon |       |       |    16 |   104 |   270 |   164 ||   554
       Passwall          |       |       |       |     5 |     2 |    19 ||    26
       Iron Shot         |       |       |       |       |    67 |    79 ||   146
Evoke: Wand              |       |     6 |     3 |     8 |     5 |     1 ||    23
       Box of beasts     |       |       |       |       |       |     1 ||     1
  Use: Scroll            |       |     1 |     8 |    12 |     7 |     8 ||    36
       Potion            |       |       |       |     1 |       |     2 ||     3
 Stab: Sleeping          |     2 |     3 |     2 |       |     2 |     1 ||    10
       Petrified         |       |       |     5 |   178 |   269 |    11 ||   463
       Petrifying        |       |       |       |     8 |    22 |       ||    30
Armor: Robe              |    24 |    14 |   127 |       |       |       ||   165
       Steam dragon scal |       |       |     3 |   100 |   250 |    13 ||   366
       Quicksilver drago |       |       |       |       |       |    24 ||    24
Dodge: Dodged            |    72 |    49 |   156 |   288 |   387 |    59 ||  1011
       Rpst.: Scimitar   |       |       |       |     2 |     1 |       ||     3

Table legend: (Time is in decaauts)
 A = Elapsed time spent in this place.
 B = Non-inter-level travel time spent in this place.
 C = Inter-level travel time spent in this place.
 D = Time resting spent in this place.
 E = Time spent auto-exploring this place.
 F = Levels seen in this place.
 G = Mean time per level.
                   A        B        C        D        E       F      G
               +--------+--------+--------+--------+--------+-----+--------+
         Total |  51969 |  49191 |   2778 |  14208 |  25700 |  29 | 1792.0 |
       Dungeon |  24084 |  22695 |   1389 |   5066 |  14200 |  15 | 1605.6 |
          Lair |  11677 |  11161 |    516 |   2523 |   6576 |   6 | 1946.2 |
  Orcish Mines |   5479 |   5228 |    251 |   1944 |   2068 |   2 | 2739.5 |
   Elven Halls |   6695 |   6227 |    468 |   2903 |   1810 |   3 | 2231.7 |
        Depths |   3139 |   2987 |    152 |   1296 |    905 |   2 | 1569.5 |
        Bailey |    893 |    893 |      0 |    475 |    139 |   1 |  893.0 |
               +--------+--------+--------+--------+--------+-----+--------+

Top non-repeatable levels by time:
  Lair:6: 3264 daAuts
   Orc:1: 3016 daAuts
   Elf:3: 2848 daAuts
    D:12: 2773 daAuts
  Lair:2: 2665 daAuts
   Orc:2: 2462 daAuts
    D:15: 2277 daAuts
   Elf:1: 2223 daAuts
    D:11: 2165 daAuts
     D:9: 2157 daAuts
Depths:1: 2061 daAuts
    D:10: 2042 daAuts
   Elf:2: 1622 daAuts
  Lair:1: 1575 daAuts
     D:1: 1558 daAuts
